 Dungeon Crawl Stone Soup version 0.15-a0-155-g2613b33 (webtiles) character file.

160 PolkaDot the Ruinous (level 4, -1/30 HPs)
             Began as a Vampire Conjurer on Apr 16, 2014.
             Succumbed to poison (a potion of poison)
             ... in a sewer.
             The game lasted 00:09:14 (2202 turns).

PolkaDot the Ruinous (Vampire Conjurer)             Turns: 2202, Time: 00:09:14

HP  -1/30        AC  7     Str  7      XL: 4   Next: 17%
MP   5/7         EV 12     Int 18      God:
Gold 81          SH  0     Dex 14      Spells:  2 memorised,  4 levels left

rFire  . . .     SeeInvis +     i - +1 short sword (drain)
rCold  . . .     Clarity  .     e - +2 robe {rN+}
rNeg   + . .     Conserve +     (no shield)
rPois  .         rCorr    .     g - +1 helmet
rElec  .         rRot     .     (no cloak)
SustAb . .       Spirit   .     j - +0 pair of gloves
rMut   .         Warding  .     (no boots)
Saprov . . .     Stasis   .     d - amulet of conservation
MR     .....                    (no ring)
                                (no ring)

@: regenerating quickly, lethally poisoned, very slightly contaminated, not
resistant to hostile enchantments, stealthy
A: fangs 3, see invisible, unbreathing
a: no special abilities


You were in a sewer.
You were very full.

You visited 1 branch of the dungeon, and saw 3 of its levels.
You also visited: Sewer.

You collected 81 gold pieces.

Inventory:

Hand weapons
 i - a +1,+1 short sword of draining (weapon)
Armour
 e - a +2 robe of positive energy (worn)
 g - a +1 helmet (worn)
 j - a +0 pair of gloves (worn)
Scrolls
 a - a scroll of immolation
 b - 2 scrolls of recharging {unknown}
 f - a scroll of noise {unknown}
 h - a scroll of identify
 l - a scroll of enchant weapon II {unknown}
Jewellery
 d - an amulet of conservation (around neck)
Books
 c - a book of Conjurations

   Spells                             Type                      Level
   *Magic Dart                        Conjuration                  1
   *Searing Ray                       Conjuration                  2
   Dazzling Spray                     Conjuration/Hexes            3
   Fulminant Prism                    Conjuration/Hexes            4
   Iskenderun's Mystic Blast          Conjuration                  4
   Iskenderun's Battlesphere          Conjuration/Charms           5


   Skills:
 - Level 2.1 Dodging
 - Level 3.0 Stealth
 - Level 2.0 Spellcasting
 * Level 4.3 Conjurations


You had 4 spell levels left.
You knew the following spells:

 Your Spells              Type           Power        Failure   Level  Hunger
a - Magic Dart            Conj           ###.         3%          1    #......
s - Searing Ray           Conj           ###...       6%          2    ##.....


Dungeon Overview and Level Annotations

Branches:
Dungeon (3/15)

Altars:


Innate Abilities, Weirdness & Mutations

Your natural rate of healing is unusually fast.
You have razor-sharp teeth.*
You have supernaturally acute eyesight.
You can survive without breathing.*


Message History

You hit the ball python.
You kill the ball python!
You hit the green rat but do no damage. The green rat bites you!
Casting: Searing Ray
Confirm with . or Enter, or press ? or * to list all spells.
Aiming: Searing Ray
Press: ? - help, Shift-Dir - straight line, f - green rat
Aim: a green rat You miscast Searing Ray.
You are very lightly contaminated with residual magic.
You feel a strange surge of energy! The green rat bites you!
The green rat bites you!
* * * LOW HITPOINT WARNING * * *
The green rat bites you.
* * * LOW HITPOINT WARNING * * *
Drink which item? (? for menu, Esc to quit)
That liquid tasted very nasty...
You are lethally poisoned!
It was a potion of poison.
You die...

###### ####....####
###..........###
##..............##
#................##
........##........#
......######......##
.....## ##...@..#
.≈.≈≈# #..rrr.#
≈≈%≈≈# #≈≈≈≈≈≈#
≈≈%≈≈# #≈≈≈rr≈#
≈≈≈≈≈# #≈≈rr≈≈#
≈≈≈≈≈# #≈≈≈≈r≈#
≈≈≈≈≈# #≈≈≈≈%≈#
≈≈≈≈≈# #≈≈≈r≈≈#
≈≈≈≈≈# #≈≈≈≈≈≈#


You could see 2 green rats and 7 rats.

Vanquished Creatures
  A green rat (Sewer)
  2 adders (D:3)
  A worm (D:3)
  A giant gecko (D:2)
  4 hobgoblins
  An ooze (D:1)
  3 ball pythons (Sewer)
  4 bats
  5 giant cockroaches
  A giant newt (D:2)
  5 goblins
  2 jackals (D:1)
  9 kobolds
  15 rats
54 creatures vanquished.

Notes
Turn   | Place    | Note
--------------------------------------------------------------
     0 | D:1      | PolkaDot, the Vampire Conjurer, began the quest for the Orb.
     0 | D:1      | Reached XP level 1. HP: 13/13 MP: 3/3
   398 | D:1      | Reached XP level 2. HP: 19/19 MP: 4/4
   695 | D:1      | Learned a level 2 spell: Searing Ray
  1588 | D:2      | Reached XP level 3. HP: 24/24 MP: 6/6
  1873 | D:3      | Reached skill level 4 in Conjurations
  2017 | D:3      | Found a glowing drain.
  2056 | Sewer    | Entered a sewer
  2086 | Sewer    | Reached XP level 4. HP: 11/30 MP: 1/7
  2201 | Sewer    | HP: 1/30 [green rat (4)]
  2202 | Sewer    | Succumbed to poison (a potion of poison)

Action                   |  1- 3 |  4- 6 || total
-------------------------+-------+-------++-------
Melee: Unarmed           |     6 |       ||     6
       Short sword       |   146 |    13 ||   159
 Cast: Magic Dart        |    27 |       ||    27
       Searing Ray       |     3 |       ||     3
  Use: Potion            |     1 |     1 ||     2
       Scroll            |     4 |       ||     4
 Stab: Sleeping          |     4 |       ||     4
